 Dungeon Crawl Stone Soup version 0.24-b1 (webtiles) character file.

Game seed: 9317685483234687885, levelgen mode: deterministic

379 Chiseanne the Ducker (level 6, -1/55 HPs)
             Began as a Deep Dwarf Transmuter on Oct 13, 2019.
             Slain by a worker ant (4 damage)
             ... on level 4 of the Dungeon.
             The game lasted 00:09:09 (2968 turns).

Chiseanne the Ducker (Deep Dwarf Transmuter)        Turns: 2968, Time: 00:09:09

Health: -1/55      AC:  7    Str: 14    XL:     6   Next: 45%
Magic:  10/10      EV: 11    Int: 14    God:
Gold:   161        SH:  0    Dex: 14    Spells: 10/11 levels left

rFire    . . .     SeeInvis .   p - +0 mace
rCold    . . .     Gourm    .   (no shield)
rNeg     . . .     Faith    .   x - +1 scale mail
rPois    +         Spirit   .   (no helmet)
rElec    .         Reflect  .   (no cloak)
rCorr    .         Harm     .   (no gloves)
MR       .....                  (no boots)
Stlth    ..........             (no amulet)
HPRegen  0.00/turn              s - ring of poison resistance
MPRegen  0.12/turn              (no ring)

@: lethally poisoned (-1 -> -1), non-regenerating
A: damage resistance, heal wounds, sense surroundings 1, no regeneration
a: Heal Wounds


You were on level 4 of the Dungeon.
You were not hungry.

You visited 1 branch of the dungeon, and saw 4 of its levels.

You collected 161 gold pieces.

Inventory:

Hand Weapons
 c - a +0 club
 l - a +0 short sword
 p - a +0 mace (weapon)
Missiles
 a - 49 arrows
 f - 22 poisoned darts
 h - 111 stones
 j - 6 datura-tipped darts (quivered)
 m - 36 bolts
 o - 18 sling bullets
Armour
 x - a +1 scale mail (worn)
Jewellery
 s - a ring of poison resistance (left hand)
Scrolls
 t - a scroll of identify
 w - 2 scrolls of remove curse
Potions
 b - a potion of brilliance {unknown}
 e - a potion of agility
 g - a potion of resistance
 i - 2 potions of flight
 k - 2 potions of curing
 q - a potion of heal wounds {unknown}
 r - a potion of haste {unknown}
 u - a potion of lignification {unknown}
Comestibles
 d - 11 rations
 n - 6 chunks of flesh


   Skills:
 * Level 2.8 Fighting
 * Level 2.5 Armour
 * Level 4.0 Dodging
 - Level 2.6 Unarmed Combat
 * Level 3.0 Spellcasting
 * Level 3.1 Transmutations


You had 10 spell levels left.
You knew the following spells:

 Your Spells              Type           Power        Failure   Level  Hunger
a - Beastly Appendage     Tmut           ##....       24%         1    #......

Your spell library contained the following spells:

 Spells                   Type           Power        Failure   Level  Hunger
 Sticks to Snakes         Tmut           ##......     36%         2    ##.....
 Spider Form              Tmut/Pois      #.........   80%         3    ###....
 Ice Form                 Ice/Tmut       #.......     99%         4    #####..
 Blade Hands              Tmut           ##........   100%        5    ######.


Dungeon Overview and Level Annotations

Branches:
Dungeon (4/15)
 Temple: D:4-7

Altars:
Ashenzari
Qazlal
Trog


Innate Abilities, Weirdness & Mutations

You are resistant to damage.
You can heal yourself by infusing magical energy.
You passively map a small area around you.
You do not regenerate.


Message History

You are more poisoned.
The worker ant poisons you!
You barely miss the worker ant.
The worker ant is heavily wounded.
The worker ant bites you but does no damage. x2
You hit the worker ant but do no damage.
The worker ant is heavily wounded.
The worker ant barely misses you. The worker ant closely misses you.
The worker ant barely misses you.
You barely miss the worker ant.
The worker ant is heavily wounded.
The worker ant bites you!
* * * LOW HITPOINT WARNING * * *
You are more poisoned.
The worker ant poisons you!
The worker ant bites you but does no damage.
You closely miss the worker ant.
The worker ant is heavily wounded.
The worker ant bites you.
You die...

,+_'...# #....
, *#####.#
#... . ### #.#
#. ,,
#.#######.# ,
, * *
#.........# *
.........## ,,
* ,,
.####...## ,.
, ##...# ...
##.@a####..(..
* ,, *
#...........(#
* ,
###...####.##.
* ** #.### **
* ### * * *


You could see a neutral worker ant (insane).

Vanquished Creatures
  2 ogres
  A hound (D:4)
  An orc wizard (D:4)
  Jessica (D:2)
  3 gnolls (D:4)
  2 adders (D:3)
  2 oozes
  A worm (D:3)
  2 leopard geckos
  3 orcs (D:4)
  7 bats
  3 giant cockroaches
  9 goblins
  4 hobgoblins
  5 jackals
  7 kobolds
  4 quokkas
  A ball python (D:3)
  6 frilled lizards
  10 rats
74 creatures vanquished.

Notes
Turn   | Place    | Note
-------+----------+-------------------------------------------
     0 | D:1      | Chiseanne the Deep Dwarf Transmuter began the quest for the
                  | Orb.
     0 | D:1      | Reached XP level 1. HP: 16/16 MP: 3/3
    35 | D:1      | Reached skill level 1 in Fighting
   273 | D:1      | You fall into a shaft and drop 1 floor!
   380 | D:1      | Reached XP level 2. HP: 14/25 MP: 2/4
   625 | D:1      | Reached XP level 3. HP: 21/31 MP: 6/6
   950 | D:2      | Noticed a water elemental
   952 | D:2      | Found a stormy altar of Qazlal.
   953 | D:2      | Noticed an earth elemental
   953 | D:2      | Noticed an air elemental
   953 | D:2      | Noticed a fire elemental
  1096 | D:2      | Found a faded altar of an unknown god.
  1152 | D:2      | Noticed an ogre
  1160 | D:2      | Killed an ogre
  1160 | D:2      | Reached skill level 1 in Armour
  1160 | D:2      | Reached skill level 3 in Dodging
  1160 | D:2      | Reached XP level 4. HP: 38/39 MP: 7/7
  1216 | D:2      | Noticed Jessica
  1222 | D:2      | Killed Jessica
  1222 | D:2      | Reached XP level 5. HP: 42/45 MP: 8/8
  2005 | D:3      | Noticed an ogre
  2018 | D:3      | Killed an ogre
  2048 | D:3      | Reached XP level 6. HP: 32/55 MP: 10/10
  2709 | D:4      | Found a bloodstained altar of Trog.
  2861 | D:4      | Reached skill level 4 in Dodging
  2939 | D:4      | Found a shattered altar of Ashenzari.
  2968 | D:4      | Slain by a worker ant

Skill      XL: |  1  2  3  4  5  6 |
---------------+-------------------+-----
Fighting       | 1 2 |  2.8
Transmutations | 2 3 |  3.1
Spellcasting   | 2 3 |  3.0
Armour         | 1 2 |  2.5
Dodging        | 3 4 |  4.0
Unarmed Combat | |  2.6

Action                   |  1- 3 |  4- 6 || total
-------------------------+-------+-------++-------
Melee: Unarmed           |    40 |       ||    40
       Headbutt          |     5 |       ||     5
       Kick              |     9 |       ||     9
       Club              |    85 |       ||    85
       Punch             |     1 |     2 ||     3
       Mace              |    12 |   153 ||   165
       Short sword       |     4 |       ||     4
Throw: Stone             |     1 |     1 ||     2
       Dart              |       |     2 ||     2
 Cast: Beastly Appendage |    16 |       ||    16
 Abil: Heal Wounds       |     2 |       ||     2
  Use: Potion            |     2 |     2 ||     4
       Scroll            |     4 |     7 ||    11
 Stab: Invisible         |     2 |     2 ||     4
  Eat: Chunk             |     2 |     6 ||     8
Armor: Robe              |    29 |       ||    29
       Ring mail         |    15 |    31 ||    46
       Scale mail        |       |    36 ||    36
Dodge: Dodged            |   103 |   118 ||   221
